 Dungeon Sprint DCSS version 0.26.1-11-gd32895ea62 (webtiles) character file.

Game seed: 1839675150218466369

8191 Groucho the Imperceptible (level 11, -23/63 HPs)
             Began as a Felid Berserker on May 23, 2021.
             Was the Champion of Trog.
             Annihilated by Tiamat
             ... wielding a +2 demon trident of pain
              (46 damage)
             ... in the Dungeon (Sprint I: "Red Sonja").
             The game lasted 00:11:52 (3461 turns).

Groucho the Imperceptible (Felid Berserker)         Turns: 3461, Time: 00:11:52

Health: -23/63     AC:  2    Str: 13    XL:     11   Next: 6%
Magic:  12/12      EV: 36    Int:  8    God:    Trog [******]
Gold:   2609       SH:  0    Dex: 20    Spells: 10/10 levels left
                                        Lives:  0   Deaths: 3

rFire    . . .     SeeInvis +     - Unarmed
rCold    . . .     Faith    .   (shield unavailable)
rNeg     . . .     Spirit   .   (armour unavailable)
rPois    +         Reflect  .   (helmet unavailable)
rElec    .         Harm     .   (cloak unavailable)
rCorr    .         Rampage  .   (gloves unavailable)
Will     +....     NoTele   +   (boots unavailable)
Stlth    +++.......             (no amulet)
HPRegen  0.20/turn              i - ring of poison resistance
MPRegen  0.13/turn              c - ring of flight

@: flying, quick
A: very small, no armour, no weapons or thrown items, stealth, claws 1, fangs 3,
see invisible, speed 1, shaggy fur 2, sharp paws
0: Orb of Zot
a: Stop Flying, Renounce Religion, Berserk, Trog's Hand, Brothers in Arms


You were in the Dungeon.
You worshipped Trog.
Trog was exalted by your worship.
You visited 1 branch You collected 3862 gold pieces.
You spent 1253 gold pieces at shops.

Inventory:

Jewellery
 b - an uncursed ring of protection from fire
 c - a ring of flight (right paw)
 f - an uncursed amulet of reflection {unknown}
 i - a ring of poison resistance (left paw)
 j - an uncursed ring of stealth
 l - an uncursed amulet of regeneration {unknown}
Wands
 g - a wand of random effects (19)
 h - a wand of digging (1)
Scrolls
 k - a scroll of magic mapping {unknown}
 n - a scroll of amnesia
 p - a scroll of remove curse
 q - a scroll of identify {unknown}
Potions
 a - 2 potions of curing
 d - 3 potions of magic
 e - a potion of berserk rage
 m - a potion of attraction {unknown}
 o - a potion of might


   Skills:
 + Level 16.4 Fighting
 + Level 20.4 Dodging
 - Level 21.7 Stealth
 + Level 16.4 Unarmed Combat


You had 10 spell levels left.
You didn't know any spells.
Your spell library was empty.

Dungeon Overview and Level Annotations

Branches:
Dungeon (1/1)

Altars:
Cheibriados
Dithmenos
Elyvilon
Fedhas
Gozag
Hepliaklqana
Kikubaaqudgha
Makhleb
Nemelex Xobeh
Okawaru
Qazlal
Ru
Sif Muna
Trog
Uskayaw
Vehumet
Wu Jian
Xom
Yredelemnul
Zin
The Shining One
Jiyva
Lugonu

Shops:
D }=**:!*=((*![**[=!

Annotations:
D Tiamat


Innate Abilities, Weirdness & Mutations

You cannot wear armour.
You are incapable of wielding weapons or throwing items.
Your paws allow you to move quietly. (Stealth)
You have sharp claws.
You have razor-sharp teeth.
You have supernaturally acute eyesight. (SInv)
You cover ground quickly.
You are covered in thick fur. (AC +2)
Your sharp claws are effective at attacking unaware monsters.


Message History

You are more poisoned.
You feel very sick.
* * * LOW HITPOINT WARNING * * *
You feel very sick. Tiamat breathes poison at you.
You're wearing all the rings you can.
Remove which one? (? for menu, Esc to cancel) < or
j - a ring of stealth; > or
c - a ring of flight You remove your ring of stealth.
You are engulfed in poison gas.
You are more poisoned.
* * * LOW HITPOINT WARNING * * *
x2 You feel sick.
i - a ring of poison resistance (left paw)
* * * LOW HITPOINT WARNING * * *
You feel sick.
Unknown command.
You feel better.
There is an open door here.
Tiamat hits you from afar with a +2 demon trident of pain!!!
Ouch! That really hurt!
You die...

#°§§^.#.....#.§###.#
###§##...#
#°^.§.°.....##.#§#.#
#§####'#
###.)○#^....#..§##.#
##§#§...#
'.#...###++##.##§..#
##^.§§.§..
#§#°°###..###..#'###
#§^.^§§§..
#§#..####°°###...#
##§^...^§..
#§##'#$$#.°#$###)#
#..§§..)...
#§##)#$$$..$$$$#.#
#§..§.§§...
§§####$$..$$$$$#@#
##.§.^..... #§#
+°$$..$####'#
#.........
#§#####$..###..d.#
##........
+.#..○#####..†####
##..:[.(#
###.....)...###
########
#..(....#####
#[).°..## #)....##
#.....#


You could see Tiamat (fast).

Vanquished Creatures
  A golden dragon (D)
  A shadow dragon (D)
  A fire giant (D)
  A lorocyproca (D)
  A hydra (D)
  2 centaur warriors (D)
  Sonja (D)
  A deep troll (D)
  7 unseen horrors (D)
  A lindwurm (D)
  An oklob plant (D)
  A gargoyle (D)
  2 kobold demonologists (D)
  4 demonic crawlers (D)
  A meliai (D)
  A hornet (D)
  A slime creature (D)
  Sigmund (D)
  2 redbacks (D)
  A yak (D)
  13 hogs (D)
  3 floating eyes (D)
  7 necrophages (D)
  An ogre (D)
  8 jellies (D)
  Ijyb (D)
65 creatures vanquished.

Vanquished Creatures (collateral kills)
  3 fire giants (D)
  A daeva (D)
4 creatures vanquished.

Vanquished Creatures (others)
  A gargoyle (D)
1 creature vanquished.

Grand Total: 70 creatures vanquished

Notes
Turn   | Place    | Note
-------+----------+-------------------------------------------
     0 | D        | Groucho the Felid Berserker began the quest for the Orb.
     0 | D        | Reached XP level 1. HP: 10/10 MP: 2/2
     2 | D        | Noticed Ijyb
    11 | D        | Killed Ijyb
    12 | D        | Reached skill level 8 in Stealth
    12 | D        | Reached XP level 2. HP: 14/14 MP: 3/3
   233 | D        | Noticed an ogre
   235 | D        | Killed an ogre
   236 | D        | Reached skill level 12 in Stealth
   236 | D        | Reached XP level 3. HP: 17/17 MP: 4/4
   236 | D        | Reached XP level 4. HP: 21/21 MP: 5/5
   250 | D        | Noticed Sigmund
   256 | D        | Killed Sigmund
   256 | D        | Reached ** piety under Trog
   257 | D        | Reached skill level 16 in Stealth
   257 | D        | Reached XP level 5. HP: 14/24 MP: 6/6
   608 | D        | Found a shimmering blue altar of Sif Muna.
   609 | D        | Found an ornate altar of the Wu Jian Council.
   610 | D        | Found a radiant altar of Vehumet.
   615 | D        | Gained mutation: You are covered in thick fur. (AC +2)
                  | [Felid growth]
   615 | D        | Reached XP level 6. HP: 28/28 MP: 7/7
   617 | D        | Found Somu's Jewellery Emporium.
   617 | D        | Found an ancient bone altar of Kikubaaqudgha.
   617 | D        | Found a hazy altar of Hepliaklqana.
   617 | D        | Found a stormy altar of Qazlal.
   617 | D        | Found a hide-covered altar of Uskayaw.
   617 | D        | Found a blossoming altar of Fedhas.
   617 | D        | Found a bloodstained altar of Trog.
   617 | D        | Found an iron altar of Okawaru.
   617 | D        | Found a basalt altar of Yredelemnul.
   617 | D        | Found a glowing golden altar of the Shining One.
   617 | D        | Found a snail-covered altar of Cheibriados.
   617 | D        | Found a sacrificial altar of Ru.
   617 | D        | Found a glowing silver altar of Zin.
   617 | D        | Found a shadowy altar of Dithmenos.
   617 | D        | Found a white marble altar of Elyvilon.
   617 | D        | Noticed a yak
   618 | D        | Found an opulent altar of Gozag.
   619 | D        | Killed a yak
   620 | D        | Reached skill level 18 in Stealth
   620 | D        | Found a sparkling altar of Nemelex Xobeh.
   628 | D        | Killed a gargoyle
   666 | D        | Found a burning altar of Makhleb.
   666 | D        | Found a shimmering altar of Xom.
   666 | D        | Noticed a slime creature
   667 | D        | Found a viscous altar of Jiyva.
   667 | D        | Found a corrupted altar of Lugonu.
   669 | D        | Killed a slime creature
   669 | D        | Reached *** piety under Trog
   670 | D        | Reached skill level 19 in Stealth
   670 | D        | Reached XP level 7. HP: 31/31 MP: 8/8
   700 | D        | Bought an uncursed ring of stealth for 227 gold pieces
   711 | D        | Noticed a centaur warrior
   718 | D        | Noticed a centaur warrior
   719 | D        | Killed a centaur warrior
   720 | D        | Reached skill level 5 in Fighting
   720 | D        | Reached skill level 20 in Stealth
   720 | D        | Reached skill level 5 in Unarmed Combat
   720 | D        | Reached XP level 8. HP: 38/38 MP: 9/9
   720 | D        | Killed a centaur warrior
   721 | D        | Reached skill level 21 in Stealth
   734 | D        | Noticed a hornet
   737 | D        | Killed a hornet
   738 | D        | Reached XP level 9. HP: 43/43 MP: 10/10
   748 | D        | Noticed an oklob plant
   752 | D        | HP: 1/64 [oklob plant/splash of acid (9)]
   752 | D        | Splashed by an oklob plant's acid
   753 | D        | Reached XP level 8. HP: -13/60 MP: 9/9
   801 | D        | Killed an oklob plant
   802 | D        | Reached skill level 10 in Dodging
   984 | D        | Reached **** piety under Trog
  1013 | D        | Paralysed by a floating eye for 2 turns
  1024 | D        | Noticed an unseen horror
  1025 | D        | Noticed an unseen horror
  1043 | D        | Killed an unseen horror
  1044 | D        | Reached XP level 9. HP: 34/45 MP: 10/10
  1053 | D        | Killed an unseen horror
  1287 | D        | Reached ***** piety under Trog
  1314 | D        | Reached skill level 10 in Unarmed Combat
  1323 | D        | Reached skill level 10 in Fighting
  1347 | D        | Reached ****** piety under Trog
  1372 | D        | Identified the Disquisition on Necromancy and Creation
  1382 | D        | Found Ohox's General Store.
  1382 | D        | Found Dyrheex's General Store.
  1382 | D        | Found Exkoon's Book Boutique.
  1384 | D        | Found Cal Pubi's Distillery.
  1384 | D        | Found Werphios's Assorted Antiques.
  1384 | D        | Found Obyunioz's Jewellery Shoppe.
  1384 | D        | Found Kule's Weapon Boutique.
  1384 | D        | Found Cocigucw's Weapon Emporium.
  1384 | D        | Found Guqouta's General Store.
  1384 | D        | Found Ruacunem's Distillery.
  1388 | D        | Found Eguidoer's Armour Boutique.
  1389 | D        | Found Zafais's Assorted Antiques.
  1389 | D        | Found Duydasus's Assorted Antiques.
  1390 | D        | Found Hacvues's Jewellery Emporium.
  1399 | D        | Bought an uncursed ring of protection from fire for 325
                  | gold pieces
  1399 | D        | Bought an uncursed ring of flight for 227 gold pieces
  1408 | D        | Bought an uncursed ring of poison resistance for 240 gold
                  | pieces
  1454 | D        | Noticed a deep troll
  1456 | D        | Killed a deep troll
  1457 | D        | Reached XP level 10. HP: 51/51 MP: 11/11
  1462 | D        | Found Ohoubbim's Armour Emporium.
  1481 | D        | Noticed Sonja
  1484 | D        | Killed Sonja
  1498 | D        | Found Nedih's Gadget Boutique.
  1506 | D        | Bought a wand of digging (3) for 182 gold pieces
  1615 | D        | Reached skill level 15 in Dodging
  1622 | D        | Noticed a gargoyle
  1628 | D        | Killed a gargoyle
  1691 | D        | Noticed a lorocyproca
  1696 | D        | Killed a lorocyproca
  1704 | D        | Reached XP level 11. HP: 57/57 MP: 12/12
  1750 | D        | Noticed a lindwurm
  1752 | D        | Killed a lindwurm
  2052 | D        | Noticed a 12-headed hydra
  2054 | D        | Killed a 12-headed hydra
  2126 | D        | Noticed a shadow dragon
  2126 | D        | Noticed a golden dragon
  2129 | D        | Killed a shadow dragon
  2131 | D        | Killed a golden dragon
  2132 | D        | Reached skill level 15 in Unarmed Combat
  2198 | D        | Found Siulop's Distillery.
  2220 | D        | Bought a potion of might for 52 gold pieces
  2359 | D        | Noticed a daeva
  2377 | D        | Slain by a daeva
  2378 | D        | Reached XP level 10. HP: 0/85 MP: 11/11
  2434 | D        | Killed a daeva
  2435 | D        | Reached skill level 15 in Fighting
  2435 | D        | Reached XP level 11. HP: 47/61 MP: 12/12
  2786 | D        | Noticed an unseen horror
  2786 | D        | Noticed an unseen horror
  2786 | D        | Noticed an unseen horror
  2787 | D        | Noticed an unseen horror
  2789 | D        | Killed an unseen horror
  2801 | D        | Killed an unseen horror
  2909 | D        | Noticed an unseen horror
  2918 | D        | Killed an unseen horror
  2922 | D        | Killed an unseen horror
  2926 | D        | Killed an unseen horror
  3279 | D        | Noticed a fire giant
  3282 | D        | Noticed a fire giant
  3283 | D        | Noticed a fire giant
  3284 | D        | Noticed a fire giant
  3286 | D        | Killed a fire giant
  3293 | D        | HP: 2/62 [fire giant/bolt of fire (20)]
  3296 | D        | Killed from afar by a fire giant
  3297 | D        | Reached XP level 10. HP: -15/58 MP: 11/11
  3354 | D        | Killed a fire giant
  3362 | D        | Killed a fire giant
  3377 | D        | Killed a fire giant
  3378 | D        | Reached XP level 11. HP: 48/63 MP: 12/12
  3435 | D        | Found the +4 dragonskin cloak
  3435 | D        | Noticed Tiamat
  3437 | D        | Got the Orb of Zot
  3461 | D        | Annihilated by Tiamat

Illustrated notes

Levels and vault maps discovered:
D:        dungeon_sprint_1 [red_sonja_temple_1, red_sonja_temple_small_1]

Skill      XL: |  1  2  3  4  5  6  7  8  9 10 11 |
---------------+----------------------------------+-----
Stealth        | 8 12 16 19 20 21 | 21.7
Fighting       | 5 9 10 15 16 | 16.4
Dodging        | 7 11 13 19 20 | 20.4
Unarmed Combat | 5 9 10 12 16 | 16.4

Action                   |  1- 3 |  4- 6 |  7- 9 | 10-12 || total
-------------------------+-------+-------+-------+-------++-------
Melee: Unarmed           |     8 |     7 |    77 |   100 ||   192
       Bite              |       |       |     7 |     9 ||    16
       Punch             |       |       |     7 |     7 ||    14
Invok: Berserk           |     1 |     1 |     4 |     2 ||     8
       Trog's Hand       |       |       |     4 |     3 ||     7
       Brothers in Arms  |       |       |       |     3 ||     3
 Abil: Evoke Flight      |       |       |       |     1 ||     1
Evoke: Wand              |       |       |       |     4 ||     4
  Use: Scroll            |       |       |     2 |     3 ||     5
       Potion            |       |       |     2 |     2 ||     4
 Stab: Sleeping          |     1 |     3 |    13 |    21 ||    38
Armor: Skin              |       |       |     2 |     2 ||     4
Dodge: Dodged            |     6 |     2 |    36 |    77 ||   121
